 Dungeon Crawl Stone Soup version 0.26.0-5-gb5863c6483 (webtiles) character file.

Game seed: 6813069902526856317

2069 Delamore the Basher (level 9, 0/54 HPs)
             Began as a Gargoyle Fighter on Jan 10, 2021.
             Was an Initiate of Okawaru.
             Slain by Harold
             ... wielding a +0 scimitar
              (14 damage)
             ... on level 6 of the Dungeon.
             The game lasted 00:09:06 (5550 turns).

Delamore the Basher (Gargoyle Fighter)              Turns: 5550, Time: 00:09:07

Health: 0/54       AC: 17    Str: 23    XL:     9   Next: 26%
Magic:  9/9        EV:  6    Int:  9    God:    Okawaru [......]
Gold:   440        SH: 10    Dex:  9    Spells: 8/8 levels left

rFire    + . .     SeeInvis .   a - +0 flail
rCold    . . .     Faith    .   c - +0 kite shield
rNeg     + . .     Spirit   .   y - +0 chain mail
rPois    ∞         Reflect  .   e - +0 helmet
rElec    +         Harm     .   (no cloak)
rCorr    .         Rampage  .   A - +0 pair of gloves
Will     .....                  (no boots)
Stlth    ..........             k - amulet of regeneration
HPRegen  0.58/turn              f - ring of protection from fire
MPRegen  0.11/turn              w - ring of stealth

@: mighty
A: negative energy resistance 1, electricity resistance, unbreathing,
petrification resistance, miasma immunity, AC +6
a: Renounce Religion


You were on level 6 of the Dungeon.
You worshipped Okawaru.
Okawaru was noncommittal.
You visited 2 branches of the dungeon, and saw 8 of its levels.
You also visited: Sewer.

You collected 440 gold pieces.

Inventory:

Hand Weapons
 a - a +0 flail (weapon)
Missiles
 g - 60 poisoned darts
 D - 4 atropa-tipped darts (quivered)
Armour
 b - a +0 scale mail
 c - a +0 kite shield (worn)
 e - a +0 helmet (worn)
 q - a -1 ring mail
 y - a +0 chain mail (worn)
 A - a +0 pair of gloves (worn)
Jewellery
 f - a ring of protection from fire (left hand)
 k - an amulet of regeneration (around neck)
 w - a ring of stealth (right hand)
Wands
 x - a wand of flame (21)
 B - a wand of digging (5)
Scrolls
 h - a scroll of random uselessness
 m - 7 scrolls of teleportation
 n - 3 scrolls of fear
 p - a scroll of enchant armour {unknown}
 r - 2 scrolls of blinking {unknown}
 s - 2 scrolls of fog {unknown}
 u - 3 scrolls of magic mapping
 v - 4 scrolls of remove curse
 z - a scroll of noise
 E - a scroll of immolation
Potions
 d - 2 potions of might
 i - 6 potions of heal wounds
 j - 2 potions of curing {unknown}
 l - a potion of mutation {unknown}
 o - a potion of flight {unknown}
 t - 2 potions of brilliance {unknown}
 C - 2 potions of cancellation {unknown}
 F - 2 potions of lignification {unknown}
 G - a potion of haste


   Skills:
 - Level 5.0 Fighting
 + Level 10.9 Maces & Flails
 - Level 3.2 Armour
 - Level 5.0 Shields


You had 8 spell levels left.
You didn't know any spells.
Your spell library was empty.

Dungeon Overview and Level Annotations

Branches:
Dungeon (7/15)             Temple (1/1) D:6           Sewer (visited)

Altars:
Ashenzari
Cheibriados
Dithmenos
Elyvilon
Fedhas
Hepliaklqana
Kikubaaqudgha
Makhleb
Okawaru
Qazlal
Ru
Trog
Uskayaw
Vehumet
Xom
Yredelemnul
Zin

Shops:
D:6 (

Annotations:
D:6 Harold


Innate Abilities, Weirdness & Mutations

You are resistant to torment.
Your stone body is resilient. (AC +6)
You are immune to poison.
You resist negative energy. (rN+)
You are resistant to electric shocks. (rElec)
You can survive without breathing.
You are immune to petrification.
You are immune to miasma.


Message History

Harold is moderately wounded.
You sock Harold!
Harold is heavily wounded.
You block Harold's attack.
You hit Harold.
Harold is heavily wounded.
Harold hits you with a +0 scimitar!
You closely miss Harold.
Harold is heavily wounded.
Harold hits you but does no damage.
You bludgeon Harold!!
Harold is severely wounded.
Harold hits you with a +0 scimitar.
* * * LOW HITPOINT WARNING * * *
You sock Harold!
Harold is almost dead.
You hit Harold.
Harold is almost dead.
Harold hits you with a +0 scimitar!
You die...

###.#......#.#
###≈≈≈###.≈.#.#
.............#
####.#.≈≈#.#.≈.#.#
.##..........#
#....#≈.†#.#...###
...........#.#
#<####.≈.#.#..≈#
###....###...#
#.#####≈≈#†#≈≈##
...########..#
#.#......†.#.##
####≈.≈≈≈≈÷.##
#....#####†###
########.#
#.##.......# #.#
##..####@##########
#.# ##......@#
####.####...######
.......)....#
.....####...#
###### #####


You could see Harold.

Vanquished Creatures
  A hornet (D:4)
  A sky beast (D:5)
  A phantom (D:5)
  3 ogres
  An ice beast (D:5)
  A centaur (D:5)
  A big kobold (D:6)
  5 bullfrogs (D:6)
  A vampire bat (D:5)
  The ghost of topfpfpflanze the Ducker, a weakling OpFi (D:6)
  A howler monkey (D:5)
  A bullfrog zombie (D:5)
  5 hounds
  A gnoll shaman (D:6)
  A centaur skeleton (D:6)
  Terence (D:3)
  3 orc wizards (D:5)
  5 worker ants
  A howler monkey zombie (D:5)
  3 gnolls (D:6)
  A river rat (Sewer)
  11 adders
  2 shadow imps
  2 white imps
  An ufetubus (D:5)
  An ooze (D:2)
  An adder skeleton (D:4)
  5 worms
  3 leopard geckos (D:3)
  14 orcs
  2 giant cockroaches
  5 goblins
  12 hobgoblins
  4 jackals
  7 kobolds
  7 quokkas
  2 ball pythons (Sewer)
  13 bats
  9 frilled lizards
  A jackal skeleton (D:4)
  A leopard gecko zombie (D:6)
  A quokka skeleton (D:3)
  A quokka zombie (D:6)
  10 rats
154 creatures vanquished.

Vanquished Creatures (others)
  9 fungi (D:6)
9 creatures vanquished.

Grand Total: 163 creatures vanquished

Notes
Turn   | Place    | Note
-------+----------+-------------------------------------------
     0 | D:1      | Delamore the Gargoyle Fighter began the quest for the Orb.
     0 | D:1      | Reached XP level 1. HP: 14/14 MP: 1/1
   441 | D:1      | Reached XP level 2. HP: 17/19 MP: 2/2
   885 | D:2      | Reached XP level 3. HP: 19/24 MP: 3/3
  1484 | D:3      | Reached XP level 4. HP: 24/29 MP: 4/4
  1536 | D:3      | Reached skill level 3 in Maces & Flails
  2022 | D:3      | Found a glowing drain.
  2036 | Sewer    | Entered a sewer
  2200 | Sewer    | Reached XP level 5. HP: 32/34 MP: 5/5
  2718 | D:3      | Noticed Terence
  2726 | D:3      | Killed Terence
  2931 | D:4      | Noticed a hornet
  2948 | D:5      | Entered Level 5 of the Dungeon
  2953 | D:5      | Reached XP level 6. HP: 33/40 MP: 6/6
  2959 | D:5      | Reached skill level 5 in Shields
  3028 | D:4      | HP: 2/40 [hornet (9)]
  3032 | D:4      | Killed a hornet
  3033 | D:4      | Reached skill level 5 in Fighting
  3033 | D:4      | Reached skill level 4 in Maces & Flails
  3033 | D:4      | Reached skill level 5 in Maces & Flails
  3033 | D:4      | Reached XP level 7. HP: 12/44 MP: 7/7
  3152 | D:4      | Reached skill level 6 in Maces & Flails
  3673 | D:5      | Reached skill level 7 in Maces & Flails
  3807 | D:5      | Reached XP level 8. HP: 49/49 MP: 8/8
  3857 | D:5      | Reached skill level 8 in Maces & Flails
  3920 | D:5      | Reached skill level 9 in Maces & Flails
  4462 | D:6      | Reached skill level 10 in Maces & Flails
  4575 | D:6      | Reached XP level 9. HP: 53/54 MP: 9/9
  4591 | D:6      | Found a staircase to the Ecumenical Temple.
  4621 | Temple   | Entered the Ecumenical Temple
  4683 | Temple   | Became a worshipper of Warmaster Okawaru
  4745 | D:6      | Found a runed translucent door.
  4805 | D:6      | Found Suufyg's Weapon Boutique.
  5207 | D:6      | Noticed topfpfpflanze's ghost (weakling OpFi)
  5239 | D:6      | Killed topfpfpflanze's ghost
  5532 | D:7      | Noticed Harold
  5550 | D:6      | Slain by Harold

Illustrated notes

Levels and vault maps discovered:
D:1:      scummos_arrival_gate, layout_basic, minivault_24
D:2:      layout_loops_ring, minivault_4
D:3:      minmay_diamond_boxcup, layout_loops_ring, portal_sewer_entry_b,
          uniq_terence
D:4:      layout_rooms
D:5:      layout_cave_pools, roderic_batcave
D:6:      layout_loops_ring, minmay_temple_entry_glassed_door, serial_aquarium,
          aquarium_bridge_square [aquarium_subvault_wall,
          aquarium_subvault_bridge, aquarium_subvault_window,
          aquarium_subvault_balcony], aquarium_bridge_square
          [aquarium_subvault_window, aquarium_subvault_balcony,
          aquarium_subvault_bridge, aquarium_subvault_window],
          aquarium_window_2, aquarium_window_3, aquarium_window_fake,
          aquarium_window_2, aquarium_view_2c, aquarium_view_2c, serial_shops,
          kennysheep_mini_moat, ebering_ghost_sewer_d
D:7:      layout_gridville, uniq_duvessa, uniq_harold
Temple:   regret_index_temple_sigil_plot

Skill      XL: |  1  2  3  4  5  6  7  8 |
---------------+-------------------------+-----
Fighting       | 4 5 |  5.0
Shields        | 4 5 |  5.0
Maces & Flails | 3 5 7 10 | 10.9
Armour         | |  3.2

Action                   |  1- 3 |  4- 6 |  7- 9 || total
-------------------------+-------+-------+-------++-------
Melee: Flail             |    96 |   213 |   446 ||   755
Throw: Dart              |       |     4 |    20 ||    24
Evoke: Wand              |       |       |     1 ||     1
  Use: Scroll            |     4 |       |     4 ||     8
       Potion            |       |     2 |     1 ||     3
Armor: Scale mail        |    52 |    99 |       ||   151
       Chain mail        |       |    34 |   303 ||   337
Dodge: Dodged            |    22 |    67 |    86 ||   175
Block: Kite shield       |    49 |   141 |   261 ||   451
